 Dungeon Crawl Stone Soup version 0.27.0-1-g7a089689b8 (webtiles) character file.

Game seed: 3293888268616104577

34 MajorAdolf the Tainter (level 3, -4/28 HPs)
             Began as a Naga Wanderer on Aug 4, 2021.
             Slain by Sigmund (7 damage)
             ... on level 2 of the Dungeon.
             The game lasted 00:02:38 (1539 turns).

MajorAdolf the Tainter (Naga Wanderer)              Turns: 1539, Time: 00:02:39

Health: -4/28      AC:  2    Str: 12    XL:     3   Next: 31%
Magic:  5/6        EV:  9    Int: 15    God:
Gold:   66         SH:  0    Dex: 10    Spells: 2/6 levels left

rFire    . . .     SeeInvis +   a - +2 dagger
rCold    . . .     Faith    .   (no shield)
rNeg     . . .     Spirit   .   c - +0 robe
rPois    +         Reflect  .   (no helmet)
rElec    .         Harm     .   (no cloak)
rCorr    .         Rampage  .   (no gloves)
Will     .....                  (no barding)
Stlth    ++........             (no amulet)
HPRegen  0.09/turn              (no ring)
MPRegen  0.10/turn              (no ring)

@: very slow
A: AC +1, large, see invisible, deformed body, poison resistance, slowness 2,
spit poison 1, naga tail 1
a: Spit Poison


You were on level 2 of the Dungeon.
You visited 1 branch of the dungeon, and saw 2 of its levels.

You collected 66 gold pieces.

Inventory:

Hand Weapons
 a - a +2 dagger (weapon)
Armour
 c - a +0 robe (worn)
Scrolls
 b - a scroll of fear
 d - a scroll of holy word {unknown}
 e - a scroll of blinking {unknown}
 f - a scroll of identify {unknown}
 g - a scroll of enchant armour {unknown}
 h - a scroll of enchant weapon {unknown}


   Skills:
 - Level 2.0 Stealth
 + Level 2.1 Spellcasting
 + Level 0.7 Transmutations
 + Level 8.6 Poison Magic
 - Level 1.0 Evocations


You had 2 spell levels left.
You knew the following spells:

 Your Spells              Type           Power      Damage    Failure   Level
a - Sting                 Tmut/Pois      60%        1d6       3%          1
b - Spider Form           Tmut/Pois      7%         N/A       10%         3

Your spell library contained the following spells:

 Spells                   Type           Power      Damage    Failure   Level
 Magic Dart               Conj           4%         1d3       22%         1
 Call Imp                 Summ           1%         N/A       32%         2
 Mephitic Cloud           Conj/Pois/Air  10%        N/A       21%         3


Dungeon Overview and Level Annotations

Branches:
Dungeon (2/15)

Altars:

Annotations:
D:2 Sigmund


Innate Abilities, Weirdness & Mutations

Your serpentine skin is tough. (AC +1)
You have supernaturally acute eyesight. (SInv)
Armour fits poorly on your strangely shaped body.
Your system is resistant to poisons. (rPois)
You cover ground very slowly.
You can spit poison.
You have a snake-like lower body.


Message History

Sigmund the Dreaded comes into view.
He is wielding a +0 scythe.
Sigmund shouts!
Sigmund points at you and mumbles some strange words.
The magic dart hits you!
Sigmund is nearby!
Unknown command.
The splash of poison hits Sigmund but does no damage.
Sigmund is poisoned.
Casting: Sting (safe; 3% risk of failure)
Confirm with . or Enter, or press ? or * to list all spells.
Aiming: Sting (safe; 3% risk of failure)
Press: ? - help, Shift-Dir - straight line, f/p - Sigmund
Aim: Sigmund, wielding a +0 scythe and wearing a +0 robe (lightly wounded, poisoned, 71% to hit)
The sting hits Sigmund.
Sigmund looks even sicker.
Sigmund is lightly wounded.
Sigmund hits you from afar with a +0 scythe!
Ouch! That really hurt!
* * * LOW HITPOINT WARNING * * *
Casting: Sting (safe; 3% risk of failure)
Confirm with . or Enter, or press ? or * to list all spells.
Aiming: Sting (safe; 3% risk of failure)
Press: ? - help, Shift-Dir - straight line, f/p - Sigmund
Aim: Sigmund, wielding a +0 scythe and wearing a +0 robe (lightly wounded, very poisoned, 71% to hit)
The sting hits Sigmund but does no damage.
Sigmund looks even sicker.
Sigmund is lightly wounded.
Sigmund hits you from afar with a +0 scythe.
* * * LOW HITPOINT WARNING * * *
Unknown command.
You aren't carrying any potions.
Unknown command.
Unknown command.
You aren't carrying any potions.
You aren't carrying any potions.
Unknown command.
You aren't carrying any potions.
You have got your breath back.
Sigmund's eyes start glowing with a red light.
Sigmund hits you from afar with a +0 scythe!
You die...

....####..#.####.#######
.................)......
.........######.########
...####### #.# ...# #.#
...# #.######## ...#
#..<...... ...#
#..####### ##.# #.@# #.#
#..## ## #.# #.@.# ..
#.# ##..# .# .# #..# .#
#..##@## ###..#...##
#.........#
#...............


You could see Sigmund (poisoned).

Vanquished Creatures
  2 endoplasms (D:1)
  2 giant cockroaches
  A goblin (D:1)
  3 hobgoblins (D:1)
  5 jackals (D:1)
  3 kobolds
  2 quokkas
  6 ball pythons
  2 bats (D:1)
  A frilled lizard (D:1)
  A rat (D:2)
28 creatures vanquished.

Notes
Turn   | Place    | Note
-------+----------+-------------------------------------------
     0 | D:1      | MajorAdolf the Naga Wanderer began the quest for the Orb.
     0 | D:1      | MajorAdolf set off with the following items: a +2 dagger, a
                  | scroll of fear, a +0 robe; and the following spells
                  | available to memorise: Sting, Spider Form, Mephitic Cloud
     0 | D:1      | Reached XP level 1. HP: 15/15 MP: 3/3
    28 | D:1      | Learned a level 1 spell: Sting
    53 | D:1      | Reached skill level 8 in Poison Magic
   331 | D:1      | Reached XP level 2. HP: 22/22 MP: 5/5
   958 | D:1      | Reached XP level 3. HP: 21/28 MP: 6/6
  1306 | D:1      | Learned a level 3 spell: Spider Form
  1528 | D:2      | Noticed Sigmund
  1539 | D:2      | Slain by Sigmund

Illustrated notes

Levels and vault maps discovered:
D:1:      dpeg_arrival_tiny_h, layout_loops_ring
D:2:      layout_loops_ring, ebering_ecumenical_altar_hall, skrybe_limestone_x,
          hangedman_feature_mirror, uniq_sigmund

Skill      XL: |  1 |
---------------+----+-----
Poison Magic   | 8 |  8.6
Stealth        | 2 |  2.0
Spellcasting   | |  2.1
Transmutations | |  0.7
Evocations     | |  1.0

Action                   || total
-------------------------++-------
Melee: Dagger            ||     9
 Cast: Sting             ||    29
 Abil: Spit Poison       ||    22
Armor: Robe              ||     4
Dodge: Dodged            ||    17
